 Dungeon Crawl Stone Soup version 0.28.0 (webtiles) character file.

Game seed: 4403822955614915876

321 temitten the Chopper (level 6, -24/55 HPs)
             Began as a Minotaur Fighter on Feb 7, 2022.
             Engulfed by a blizzard demon's freezing vapour (27 damage)
             ... on level 1 of the Abyss.
             The game lasted 00:03:32 (2204 turns).

temitten the Chopper (Minotaur Fighter)             Turns: 2204, Time: 00:03:33

Health: -24/55     AC:  8    Str: 22    XL:     6   Next: 22%
Magic:  5/5        EV: 10    Int:  5    God:
Gold:   47         SH:  4    Dex: 10    Spells: 5/5 levels left

rFire   . . .      SeeInvis .   a - +0 war axe
rCold   . . .      Faith    .   c - +0 buckler
rNeg    . . .      Spirit   .   b - +1 scale mail
rPois   .          Reflect  .   (helmet restricted)
rElec   .          Harm     .   (no cloak)
rCorr   .          Rampage  .   (no gloves)
Will    .....                   (no boots)
Stlth   ..........              (no amulet)
HPRegen 0.18/turn               (no ring)
MPRegen 0.09/turn               (no ring)

@: flying
A: horns 2, retaliatory headbutt
a: no special abilities


You were on level 1 of the Abyss.
You visited 1 branch of the dungeon, and saw 3 of its levels.
You visited the Abyss 1 time.

You collected 47 gold pieces.

Inventory:

Hand Weapons
 a - a +0 war axe (weapon)
Armour
 b - a +1 scale mail (worn)
 c - a +0 buckler (worn)
Scrolls
 g - a scroll of enchant armour
 i - a scroll of enchant weapon {unknown}
 j - a scroll of fear {unknown}
Potions
 d - a potion of might
 e - a potion of flight
 h - a potion of heal wounds {unknown}
 k - a potion of degeneration {unknown}


   Skills:
 + Level 4.8 Fighting
 + Level 5.4 Axes
 + Level 4.5 Armour
 + Level 1.7 Dodging
 + Level 0.7 Stealth
 + Level 4.6 Shields


You had 5 spell levels left.
You didn't know any spells.
Your spell library contained the following spells:

 Spells                   Type           Power      Damage    Failure   Level
 Gell's Gravitas          Tloc           0%         N/A       99%         3
 Lesser Beckoning         Tloc           0%         N/A       99%         3
 Teleport Other           Tloc           0%         N/A       99%         3
 Borgnjor's Revivificati  Necr           0%         N/A       100%        8
 Necromutation            Tmut/Necr      0%         N/A       100%        8
 Death's Door             Necr           0%         N/A       100%        9


Dungeon Overview and Level Annotations

Branches:
Dungeon (3/15)

Altars:

Shops:
D:1 :


Innate Abilities, Weirdness & Mutations

You have a pair of horns on your head.
You reflexively headbutt those who attack you in melee.


Message History

The quasit bites you but does no damage.
The quasit claws you but does no damage.
The quasit barely misses you. x2; You furiously retaliate!
You headbutt the quasit.
You kill the quasit!
That felt strangely unrewarding.
A bone dragon comes into view.
The blizzard demon gestures at you. The freezing blast engulfs you.
You are engulfed in freezing vapours.
You are engulfed in freezing vapours.
You start resting.
A blizzard demon is nearby!
As you read the scroll labelled LAESYOG WOATOY, it crumbles to dust.
It is a scroll of enchant armour.
Your +0 scale mail glows green for a moment.
Blink to where?
Press: ? - help, Dir - move target
As you read the scroll labelled JEDAREI VEKK, it crumbles to dust.
It was a scroll of blinking.
The blizzard demon barely misses you. You furiously retaliate!
You headbutt the blizzard demon, but do no damage.
The blizzard demon hits you.
A small abomination comes into view.
The small abomination hits you.
The small abomination closely misses you.
You hit the small abomination but do no damage.
You barely miss the blizzard demon. The blizzard demon gestures at you.
The freezing blast misses you.
The small abomination is engulfed in freezing vapours.
The small abomination hits you!
* * * LOW HITPOINT WARNING * * *
The blizzard demon is engulfed in freezing vapours.
The blizzard demon gestures at you. The freezing blast misses you.
It was a potion of flight.
You feel very buoyant.
You fly up into the air.
You are engulfed in freezing vapours.
You die...

# . # .. .##
# . #.##..
..... . ###
# . #. ..
..## ## . #
... ##.# .#
. # # .# . #
.#...##... .
.. # # .....
### .. . .
..###### .#
. ###.
###☼### ##.
# . ..#@##§#
# ##
.#.#.#x#2○○#
. .
#.##☼§##○##
. . . ..
####### . #
.#. # . #.


You could see a blizzard demon and a small abomination.

Vanquished Creatures
  Grinder (D:3)
  2 quasits (Abyss:1)
  A gnoll (D:1)
  3 adders (D:2)
  A worm (D:3)
  3 dart slugs
  4 endoplasms
  2 giant cockroaches
  8 goblins
  6 hobgoblins
  11 jackals
  3 ball pythons
  5 bats
  4 frilled lizards
  7 kobolds
  6 rats
67 creatures vanquished.

Notes
Turn   | Place    | Note
-------+----------+-------------------------------------------
     0 | D:1      | temitten the Minotaur Fighter began the quest for the Orb.
     0 | D:1      | Reached XP level 1. HP: 19/19 MP: 0/0
    46 | D:1      | HP: 1/20 [gnoll (4)]
    48 | D:1      | Reached XP level 2. HP: 1/27 MP: 1/1
   455 | D:1      | Reached skill level 3 in Axes
   455 | D:1      | Found Vaxt's Book Boutique.
   551 | D:1      | Reached XP level 3. HP: 33/33 MP: 2/2
  1116 | D:2      | Reached skill level 1 in Dodging
  1310 | D:2      | Reached XP level 4. HP: 40/40 MP: 3/3
  1549 | D:2      | Reached skill level 4 in Axes
  1725 | D:3      | Noticed Grinder
  1738 | D:3      | Killed Grinder
  1739 | D:3      | Reached skill level 5 in Axes
  1739 | D:3      | Reached XP level 5. HP: 5/47 MP: 4/4
  1739 | D:3      | Reached XP level 6. HP: 6/55 MP: 5/5
  2057 | D:3      | Cast into level 1 of the Abyss (goblin)
  2142 | Abyss:1  | Noticed a blizzard demon
  2152 | Abyss:1  | Noticed a bone dragon
  2204 | Abyss:1  | Engulfed by a blizzard demon's freezing vapour

Illustrated notes

Levels and vault maps discovered:
D:1:      minmay_arrival_four_circles, layout_basic, serial_shops,
          nicolae_shop_statue_plus
D:2:      minmay_diamond_boxcup, layout_loops_ring, hex_large
D:3:      layout_loops_ring, uniq_robin, uniq_grinder
Abyss:1:  base:
D:2

Skill      XL: |  1  2  3  4 |
---------------+-------------+-----
Fighting       | 4 |  4.8
Shields        | 4 |  4.6
Axes           | 3 5 |  5.4
Armour         | 4 |  4.5
Dodging        | 1 |  1.7
Stealth        | |  0.7

Action                   |  1- 3 |  4- 6 || total
-------------------------+-------+-------++-------
Melee: War axe           |    83 |    52 ||   135
       Headbutt          |     9 |     7 ||    16
  Use: Scroll            |       |     2 ||     2
       Potion            |       |     1 ||     1
Armor: Scale mail        |    49 |    27 ||    76
Dodge: Dodged            |    48 |    41 ||    89
Block: Buckler           |    27 |    12 ||    39
